 Dungeon Crawl Stone Soup version 0.29-a0-885-gb26ba3297d (webtiles) character file.

Game seed: 1683420699665252706

85 porpoise the Trooper (level 4, -4/35 HPs)
             Began as a Djinni Hedge Wizard on July 21, 2022.
             Slain by an orc
             ... wielding a +1 hand axe of electrocution
              (11 damage)
             ... on level 2 of the Dungeon.
             The game lasted 00:08:47 (3186 turns).

porpoise the Trooper (Djinni Hedge Wizard)          Turns: 3186, Time: 00:08:48

Health: -4/35      AC:  6    Str:  9    XL:     4   Next: 75%
Gold:   62         EV: 12    Int: 17    God:
                   SH:  0    Dex: 13

rFire   + + .      SeeInvis .   a - +0 dagger (elec)
rCold   x . .      Faith    .   (no shield)
rNeg    . . .      Spirit   .   b - +0 robe
rPois   ∞          Reflect  .   c - +0 hat
rElec   .          Harm     .   (no cloak)
rCorr   .          Rampage  .   (no gloves)
Will    .....                   (boots unavailable)
Stlth   ++........              (no amulet)
HPRegen 0.11/turn               h - +4 ring of protection
MPRegen 0.00/turn               (no ring)

@: flying, very slightly contaminated
A: sickness immunity, fire resistance 2, cold vulnerability 1, float, innate
caster, HP casting, extra vitality 1
a: no special abilities


You were on level 2 of the Dungeon.
You visited 1 branch of the dungeon, and saw 3 of its levels.

You collected 62 gold pieces.

Inventory:

Hand Weapons
 a - a +0 dagger of electrocution (weapon)
Missiles
 l - 4 boomerangs (quivered)
 o - 4 poisoned darts
Armour
 b - a +0 robe (worn)
 c - a +0 hat (worn)
 p - a +4 chain mail of cold resistance
Jewellery
 h - a +4 ring of protection (left hand)
Scrolls
 e - 5 scrolls of identify {unknown}
 f - a scroll of butterflies {unknown}
 g - a scroll of amnesia {unknown}
 k - a scroll of vulnerability {unknown}
 m - 2 scrolls of blinking {unknown}
Potions
 d - a potion of curing {unknown}
 i - a potion of might {unknown}
 j - 2 potions of berserk rage {unknown}
 n - 2 potions of attraction {unknown}


   Skills:
 * Level 3.2 Fighting
 - Level 2.1 Dodging
 - Level 1.5 Stealth
 + Level 3.0 Spellcasting


You couldn't memorise any spells.
You knew the following spells:

 Your Spells              Type           Power      Damage    Failure   Level
a - Magic Dart            Conj           48%        1d5       4%          1
b - Blink                 Tloc           24%        N/A       8%          2
c - Call Imp              Summ           12%        N/A       8%          2
d - Slow                  Hex            48%        N/A       4%          1
e - Conjure Flame         Conj/Fire      12%        6-21      16%         3
f - Mephitic Cloud        Conj/Pois/Air  12%        N/A       16%         3
n - Necrotise             Necr           48%        1d6       4%          1
Your spell library was empty.

Dungeon Overview and Level Annotations

Branches:
Dungeon (3/15)

Altars:
Makhleb


Innate Abilities, Weirdness & Mutations

You are immune to sickness and miasma.
You are immune to poison.
Your flesh is very heat resistant. (rF++)
You are vulnerable to cold. (rC-)
You float through the air rather than walking.
You learn spells naturally, not from books.
Your magical power is your life essence.
You have superior vitality. (+4 MHP)


Message History

HP restored.
Things that are here:
a +0 short sword; a +0 leather armour
There is a stone staircase leading down here.
You fly downwards.
The orc shouts!
The orc barely misses you.
The orc hits you with a +1 hand axe of electrocution.
There is a stone staircase leading up here.
Casting: Mephitic Cloud (quite dangerous; 16% risk of failure)
Confirm with . or Enter, or press ? or * to list all spells.
The spell is quite dangerous to miscast (16% risk of failure)!
Continue anyway?
Okay, then.
Unknown command.
The orc hits you with a +1 hand axe of electrocution.
You fly upwards.
There is a stone staircase leading down here.
Casting: Mephitic Cloud (quite dangerous; 16% risk of failure)
Confirm with . or Enter, or press ? or * to list all spells.
The spell is quite dangerous to miscast (16% risk of failure)!
Continue anyway?
Aiming: Mephitic Cloud (quite dangerous; 16% risk of failure)
Press: ? - help, Shift-Dir - straight line, f - orc
Aim: an orc, wielding a +1 hand axe of electrocution (chance to affect: 96%)
You miscast Mephitic Cloud.
You are very lightly contaminated with residual magic.
Nothing appears to happen.
The orc hits you with a +1 hand axe of electrocution.
You are electrocuted!
Casting: Mephitic Cloud (quite dangerous; 16% risk of failure)
Confirm with . or Enter, or press ? or * to list all spells.
The spell is quite dangerous to miscast (16% risk of failure)!
Continue anyway?
Aiming: Mephitic Cloud (quite dangerous; 16% risk of failure)
Press: ? - help, Shift-Dir - straight line, f/p - orc
Aim: an orc, wielding a +1 hand axe of electrocution (chance to affect: 96%)
You miscast Mephitic Cloud.
Nothing appears to happen.
* * * LOW HITPOINT WARNING * * *
The orc hits you with a +1 hand axe of electrocution.
* * * LOW HITPOINT WARNING * * *
You are electrocuted!
You die...

#.###...###.#########..####++####
#.........#............#≈≈≈..≈≈≈#
###.##......#########..#≈......≈#
....##..#.)######## #..#≈.#≈§..≈#
.#####..>.........###..'..≈..≈..'
## ##...#.###..##......'..≈..≈.§'
####..###.# ##.)########≈..≈≈#§§#
.....## #.# ##.## #≈......§#
###### ##.# #[@# #≈≈≈..≈≈≈# #..#
##o# ####''#### ####.## #.##
###.).# # #....# #.[# #....## #
#.#### ##.### #.##.# # #.# #...#
###.##.# # #.# ###.###...##.# #
#.# #.....###..# #.# ##.#.####.##


You could see an orc.

Vanquished Creatures
  3 adders (D:2)
  A worm (D:2)
  A dart slug (D:1)
  3 orcs (D:2)
  3 ball pythons (D:1)
  2 endoplasms
  5 giant cockroaches
  6 goblins (D:1)
  4 hobgoblins
  3 jackals (D:2)
  2 quokkas
  7 bats
  A frilled lizard (D:2)
  3 kobolds
  3 rats (D:2)
47 creatures vanquished.

Notes
Turn   | Place    | Note
-------+----------+-------------------------------------------
     0 | D:1      | porpoise the Djinni Hedge Wizard began the quest for the
                  | Orb.
     0 | D:1      | porpoise set off with the following spells memorised: Magic
                  | Dart, Blink, Call Imp, Slow, Conjure Flame, Mephitic Cloud.
     0 | D:1      | Reached XP level 1. HP: 15/15 MP: 0/0
   352 | D:1      | Reached skill level 1 in Fighting
   396 | D:1      | Reached XP level 2. HP: 18/22 MP: 0/0
   453 | D:1      | Found a faded altar of an unknown god.
  1416 | D:1      | Reached XP level 3. HP: 26/28 MP: 0/0
  1416 | D:1      | Learned a level 1 spell: Necrotise
  2397 | D:2      | Reached XP level 4. HP: 33/34 MP: 0/0
  2970 | D:3      | Found a burning altar of Makhleb.
  3186 | D:2      | Slain by an orc

Illustrated notes

Levels and vault maps discovered:
D:1:      dpeg_arrival_rooms_a, layout_basic,
          shapermc_ecumenical_altar_mp_vishouse, st_stairs_5
D:2:      layout_rooms, kennysheep_generic_room_7
D:3:      wander_river, layout_basic, grunt_temple_overflow_open,
          mainiacjoe_overflow_boulevard, uniq_grinder, uniq_crazy_yiuf_cottage,
          uniq_natasha

Skill      XL: |  1  2  3  4 |
---------------+-------------+-----
Fighting       | 1 2 3 |  3.2
Spellcasting   | 3 |  3.0
Dodging        | |  2.1
Stealth        | |  1.5

Action                   |  1- 3 |  4- 6 || total
-------------------------+-------+-------++-------
Melee: Dagger            |    19 |    37 ||    56
Throw: Boomerang         |       |     7 ||     7
 Cast: Magic Dart        |    88 |    23 ||   111
       Mephitic Cloud    |       |     4 ||     4
 Stab: Sleeping          |     2 |       ||     2
       Confused          |       |     5 ||     5
Armor: Robe              |    14 |    16 ||    30
Dodge: Dodged            |    20 |    25 ||    45

Table legend: (Time is in decaauts)
 A = Elapsed time spent in this place.
 B = Non-inter-level travel time spent in this place.
 C = Inter-level travel time spent in this place.
 D = Time resting spent in this place.
 E = Time spent auto-exploring this place.
 F = Levels seen in this place.
 G = Mean time per level.
                   A        B        C        D        E       F      G
               +--------+--------+--------+--------+--------+-----+--------+
         Total |   3189 |   3125 |     64 |   1562 |   1192 |   3 | 1063.0 |
       Dungeon |   3189 |   3125 |     64 |   1562 |   1192 |   3 | 1063.0 |
               +--------+--------+--------+--------+--------+-----+--------+

Top non-repeatable levels by time:
     D:1: 1948 daAuts
     D:2: 1230 daAuts
     D:3: 10 daAuts
